 Dungeon Crawl Stone Soup version 0.31-a0-246-g8cbcc1cb85 (webtiles) character file.

Game seed: 6419584219276339260

370 Iniera the Sneak (level 6, -6/48 HPs)
             Began as a Demonspawn Brigand on July 13, 2023.
             Mangled by a mummy (15 damage)
             ... in an ossuary.
             The game lasted 00:03:01 (2382 turns).

Iniera the Sneak (Demonspawn Brigand)               Turns: 2382, Time: 00:03:02

Health: -6/48      AC: 10    Str: 13    XL:     6   Next: 42%
Magic:  6/6        EV:  9    Int: 19    God:
Gold:   150        SH:  0    Dex: 14    Spells: 5/5 levels left

rFire   x . .        k - +0 war axe
rCold   + + .        (no shield)
rNeg    . . .        a - +0 ice dragon scales
rPois   .            (no helmet)
rElec   .            c - +0 cloak
rCorr   .            (no gloves)
SInv    +            (no boots)
Will    .....        f - amulet of regeneration
Stlth   +            g - ring of see invisible
HPRegen 1.08/turn    i - +6 ring of intelligence
MPRegen 0.10/turn

%: no passive effects
@: no status effects
A: demonic magic 2, demonic touch 1
a: no special abilities


You were in an ossuary.
You visited 1 branch of the dungeon, and saw 4 of its levels.
You also visited: Ossuary.

You collected 150 gold pieces.

Inventory:

Hand Weapons
 k - a +0 war axe (weapon)
Missiles
 d - 14 poisoned darts (quivered)
 z - 3 curare-tipped darts
Armour
 a - +0 ice dragon scales (worn)
 c - a +0 cloak (worn)
Jewellery
 f - an amulet of regeneration (around neck)
 g - a ring of see invisible (left hand)
 i - a +6 ring of intelligence (right hand)
Scrolls
 b - 2 scrolls of blinking {unknown}
 h - 4 scrolls of identify {unknown}
 j - a scroll of immolation {unknown}
 l - a scroll of brand weapon {unknown}
 m - 3 scrolls of fog {unknown}
Potions
 e - a potion of enlightenment {unknown}
 n - a potion of haste {unknown}


   Skills:
 + Level 3.7 Fighting
 - Level 1.7 Short Blades
 * Level 3.0 Axes
 - Level 2.0 Throwing
 + Level 1.9 Armour
 + Level 2.9 Dodging
 - Level 4.0 Stealth


You had 5 spell levels left.
You didn't know any spells.
Your spell library contained the following spells:

 Spells                   Type           Power      Damage    Failure   Level
 Magic Dart               Conj           0%         1d3       78%         1
 Call Imp                 Summ           0%         N/A       89%         2
 Scorch                   Fire           0%         2d5       89%         2
 Mephitic Cloud           Conj/Pois/Air  0%         N/A       98%         3
 Flame Wave               Conj/Fire      0%         2d4       100%        4
 Summon Cactus Giant      Summ           0%         N/A       100%        6


Dungeon Overview and Level Annotations

Branches:
Dungeon (4/15)             Temple (0/1) D:4         Ossuary (1/1)

Altars:
Vehumet


Innate Abilities, Weirdness & Mutations

Spells you cast may paralyse nearby enemies.
Your touch may inflict minor irresistible damage on your foes.


Message History

You are too injured to fight recklessly!
You are too injured to fight recklessly!
You are too injured to fight recklessly!
You are too injured to fight recklessly!
You are too injured to fight recklessly!
You are too injured to fight recklessly!
You are too injured to fight recklessly!
You are too injured to fight recklessly!
You are too injured to fight recklessly!
You are too injured to fight recklessly!
You are too injured to fight recklessly!
You slash the mummy!
The mummy is almost destroyed.
You slash the gnoll zombie!
You destroy the gnoll zombie!
You barely miss the mummy. The mummy hits you. The mummy barely misses you.
You barely miss the mummy.
The mummy is almost destroyed.
You barely miss the mummy. You hit the kobold zombie.
The kobold zombie hits you but does no damage.
The mummy hits you! The mummy hits you.
The kobold zombie hits you but does no damage.
You slash the mummy!
You destroy the mummy!
You barely miss the kobold zombie. You hit the mummy but do no damage.
The kobold zombie hits you but does no damage.
Your Axes skill increases to level 3!
You hit the mummy.
The mummy is moderately damaged.
You slash the kobold zombie!
You destroy the kobold zombie!
The mummy closely misses you.
You closely miss the mummy.
The mummy is moderately damaged.
The mummy hits you!
* * * LOW HITPOINT WARNING * * *
You hit the mummy.
The mummy is heavily damaged.
The mummy hits you!
You die...

...........
.........
........
......
#....#
#....#
#M...#
#.@..#
#....#
#....#
#....#
#....#
#.∩∩.#
######


You could see a mummy.

Vanquished Creatures
  A sky beast (D:4)
  An ogre (D:4)
  A phantom (D:4)
  A hound (D:4)
  A mummy (Ossuary)
  An adder (D:3)
  2 worms (D:2)
  A dart slug (D:4)
  3 ball pythons
  4 endoplasms
  4 giant cockroaches
  3 gnoll zombies (Ossuary)
  8 goblins
  9 hobgoblins
  6 quokkas
  3 bats
  2 frilled lizards
  A hobgoblin zombie (Ossuary)
  6 kobolds
  A kobold zombie (Ossuary)
  2 orc zombies (Ossuary)
  2 quokka zombies (D:4)
  4 rats
67 creatures vanquished.

Notes
Turn   | Place    | Note
-------+----------+-------------------------------------------
     0 | D:1      | Iniera the Demonspawn Brigand began the quest for the Orb.
     0 | D:1      | Reached XP level 1. HP: 16/16 MP: 1/1
    94 | D:1      | Reached skill level 1 in Dodging
   251 | D:1      | Gained mutation: Spells you cast may paralyse adjacent
                  | enemies. [demonic ancestry]
   251 | D:1      | Reached XP level 2. HP: 22/22 MP: 2/2
   800 | D:2      | Found a faded altar of an unknown god.
   876 | D:2      | Gained mutation: Spells you cast may paralyse nearby
                  | enemies. [demonic ancestry]
   876 | D:2      | Reached XP level 3. HP: 28/28 MP: 3/3
   922 | D:2      | Reached skill level 4 in Stealth
  1571 | D:3      | Found a radiant altar of Vehumet.
  1812 | D:3      | Reached XP level 4. HP: 35/35 MP: 4/4
  2089 | D:4      | Noticed a phantom
  2096 | D:4      | Noticed a sky beast
  2114 | D:4      | Killed a phantom
  2115 | D:4      | Reached skill level 1 in Axes
  2115 | D:4      | Reached skill level 1 in Armour
  2115 | D:4      | Gained mutation: Your touch may inflict minor irresistible
                  | damage on your foes. [demonic ancestry]
  2115 | D:4      | Reached XP level 5. HP: 34/41 MP: 5/5
  2116 | D:4      | Killed a sky beast
  2184 | D:4      | Noticed an ogre
  2194 | D:4      | Killed an ogre
  2195 | D:4      | Reached XP level 6. HP: 14/48 MP: 6/6
  2304 | D:4      | Found a staircase to the Ecumenical Temple.
  2345 | D:4      | Found a sand-covered staircase.
  2362 | Ossuary  | Entered an ossuary
  2382 | Ossuary  | Mangled by a mummy

Illustrated notes

Levels and vault maps discovered:
D:1:      dreamdust_arrival_beginning_and_end, layout_loops_ring
D:2:      layout_rooms, basic_ecumenical_altar, chequers_serial_rivers_micro_e,
          nicolae_houndstooth_variations
D:3:      cheibrodos_old_hovel, layout_basic, fiery_altar_vehumet
D:4:      layout_loops_ring, minmay_temple_entry_mini_moons, enter_ossuary_4,
          nicolae_figureground_sparkle
Ossuary:  ossuary_tomb_3

Skill      XL: |  1  2  3  4  5  6 |
---------------+-------------------+-----
Dodging        | 1 2 |  2.9
Throwing       | 2 |  2.0
Stealth        | 4 |  4.0
Fighting       | 3 |  3.7
Axes           | 1 2 3 |  3.0
Armour         | 1 |  1.9
Short Blades   | |  1.7

Action                     |  1- 3 |  4- 6 || total
---------------------------+-------+-------++-------
  Melee: Dagger            |   153 |       ||   153
         War axe           |    34 |    62 ||    96
         Punch             |     1 |       ||     1
         Touch             |       |     6 ||     6
    Use: Potion            |       |     1 ||     1
   Stab: Sleeping          |     4 |       ||     4
 Armour: Robe              |     9 |       ||     9
         Ring mail         |    47 |       ||    47
         Ice dragon scales |    15 |    41 ||    56
  Dodge: Dodged            |   116 |    40 ||   156

Table legend: (Time is in decaauts)
 A = Elapsed time spent in this place.
 B = Non-inter-level travel time spent in this place.
 C = Inter-level travel time spent in this place.
 D = Time resting spent in this place.
 E = Time spent auto-exploring this place.
 F = Levels seen in this place.
 G = Mean time per level.
                   A        B        C        D        E       F      G
               +--------+--------+--------+--------+--------+-----+--------+
         Total |   2408 |   2364 |     44 |      0 |   1723 |   5 |  481.6 |
       Dungeon |   2383 |   2339 |     44 |      0 |   1722 |   4 |  595.8 |
       Ossuary |     24 |     24 |      0 |      0 |      1 |   1 |   24.0 |
               +--------+--------+--------+--------+--------+-----+--------+

Top non-repeatable levels by time:
     D:3: 807 daAuts
     D:1: 782 daAuts
     D:2: 502 daAuts
     D:4: 292 daAuts
 Ossuary: 24 daAuts
